 Dungeon Crawl Stone Soup version 0.22-a0-601-gb0ed703 (webtiles) character file.

47 Mamutox the Ducker (level 3, -3/36 HPs)
             Began as a Troll Fighter on July 6, 2018.
             Slain by an ice beast (12 damage)
             ... on level 2 of the Dungeon.
             The game lasted 00:02:54 (871 turns).

Mamutox the Ducker (Troll Fighter)                   Turns: 871, Time: 00:02:55

Health: -3/36      AC:  5    Str: 24    XL:     3   Next: 48%
Magic:  2/2        EV:  8    Int:  4    God:
Gold:   96         SH:  9    Dex: 10    Spells: 2/2 levels left

rFire    . . .     SeeInvis .   a - +0 flail
rCold    . . .     Gourm    +   c - +0 shield
rNeg     . . .     Faith    .   b - +0 robe
rPois    .         Spirit   .   (helmet restricted)
rElec    .         Reflect  .   (no cloak)
rCorr    .         Harm     .   (gloves unavailable)
MR       .....                  (boots unavailable)
Stlth    +.........             (no amulet)
HPRegen  0.52/turn              (no ring)
MPRegen  0.08/turn              (no ring)

@: no status effects
A: large, unfitting armour, claws 3, fast metabolism 3, gourmand, regeneration
1, shaggy fur 1, tough skin 2
a: no special abilities


You were on level 2 of the Dungeon.
You were completely stuffed.

You visited 1 branch of the dungeon, and saw 2 of its levels.

You collected 96 gold pieces.

Inventory:

Hand Weapons
 a - a +0 flail (weapon)
Missiles
 i - 3 tomahawks (quivered)
 k - 21 poisoned needles
Armour
 b - a +0 robe (worn)
 c - a +0 shield (worn)
Jewellery
 m - an uncursed amulet of faith {unknown}
Scrolls
 e - a scroll of teleportation {unknown}
 j - 2 scrolls of identify {unknown}
 n - 2 scrolls of remove curse {unknown}
 p - 2 scrolls of enchant armour {unknown}
 s - a scroll of fear {unknown}
Potions
 d - 2 potions of might
 g - a potion of resistance {unknown}
 h - 2 potions of degeneration {unknown}
 l - a potion of heal wounds {unknown}
 o - a potion of curing {unknown}
 r - a potion of lignification {unknown}
Comestibles
 f - 2 rations


   Skills:
 + Level 2.8 Fighting
 + Level 2.2 Maces & Flails
 + Level 2.8 Dodging
 + Level 2.8 Shields


You had 2 spell levels left.
You didn't know any spells.
Your spell library was empty.

Dungeon Overview and Level Annotations

Branches:
Dungeon (2/15)

Altars:
Fedhas
The Shining One


Innate Abilities, Weirdness & Mutations

You are too large for most types of armour.
You have claws for hands.
Your metabolism is lightning-fast.
You like to eat raw meat.
Your natural rate of healing is unusually fast.
You are covered in fur. (AC +1)
You have very tough skin. (AC +2)


Message History

The ice beast is moderately wounded.
The ice beast closely misses you. The ice beast hits you.
The ice beast freezes you!
You hit the ice beast.
The ice beast is heavily wounded.
The ice beast barely misses you.
You hit the ice beast but do no damage.
The ice beast is heavily wounded.
You block the ice beast's attack.
You hit the ice beast but do no damage.
The ice beast is heavily wounded.
You block the ice beast's attack. The ice beast hits you.
The ice beast freezes you!
* * * LOW HITPOINT WARNING * * *
You sock the ice beast!
The ice beast is severely wounded.
The ice beast hits you.
* * * LOW HITPOINT WARNING * * *
The ice beast freezes you!
You die...

#..).........#
#............#
#...##.#####.#
###(..##..# #.#
..)(.####.## #.#
.###.# #..###'### .#
#.# #........# .#
#.####........# .#
#....'..)....@#
.########...>...Y####
........#............
........#........#.
........#........#..
........#.....())###+#
........'..#+#.#)....#
........####.#.#.....#
.#####+#.......#.....#


You could see an ice beast.

Vanquished Creatures
  An adder (D:2)
  A worm (D:2)
  A dart slug (D:2)
  A giant cockroach (D:2)
  6 goblins
  4 hobgoblins
  A quokka (D:2)
  3 bats
  4 frilled lizards
  7 kobolds
  A rat (D:2)
30 creatures vanquished.

Notes
Turn   | Place    | Note
-------+----------+-------------------------------------------
     0 | D:1      | Mamutox the Troll Fighter began the quest for the Orb.
     0 | D:1      | Reached XP level 1. HP: 22/22 MP: 0/0
   259 | D:1      | Reached XP level 2. HP: 28/29 MP: 1/1
   543 | D:2      | Found a glowing golden altar of the Shining One.
   590 | D:2      | Found a blossoming altar of Fedhas.
   645 | D:2      | Reached XP level 3. HP: 9/36 MP: 2/2
   861 | D:2      | Noticed an ice beast
   871 | D:2      | Slain by an ice beast

Vault maps used:
D:1:      doesnt_arrival_eight_statues
D:2:      marbit_many_paths, lemuel_crystal_altar, uniq_crazy_yiuf_cottage

Skill      XL: |  1  2 |
---------------+-------+-----
Maces & Flails | 2 |  2.2
Fighting       | |  2.8
Dodging        | |  2.8
Shields        | |  2.8

Action                   || total
-------------------------++-------
Melee: Flail             ||    97
 Stab: Sleeping          ||     1
  Eat: Chunk             ||    14
Armor: Robe              ||    32
Dodge: Dodged            ||    31
Block: Shield            ||    52

Table legend:
 A = Spawn XP
 B = Non-spawn XP
 C = Spawn XP percentage of total XP
 D = Spawn monster count
 E = Non-spawn monster count
 F = Spawn count percentage of total count
 G = Total turns spent on level
                    A         B        C        D         E        F      G
               +---------+---------+-------+---------+---------+-------+---------
         Total |       0 |      68 |   0.0 |       0 |      30 |   0.0 |   871
               +---------+---------+-------+---------+---------+-------+---------
           D:1 |       0 |      21 |   0.0 |       0 |      13 |   0.0 |   470
           D:2 |       0 |      47 |   0.0 |       0 |      17 |   0.0 |   401
               +---------+---------+-------+---------+---------+-------+---------
